 Dungeon Crawl Stone Soup version 0.22-a0-877-g5c4e1af (webtiles) character file.

5606 prawnwizard the Carver (level 10, 0/80 HPs)
             Began as a Demonspawn Gladiator on July 29, 2018.
             Was a Follower of Ru.
             Slain by a killer bee (3 damage)
             ... on level 10 of the Dungeon.
             The game lasted 00:16:39 (9501 turns).

prawnwizard the Carver (Demonspawn Gladiator)       Turns: 9501, Time: 00:16:39

Health: 0/80       AC: 10    Str: 19    XL:     10   Next: 45%
Magic:  0/10       EV: 14    Int:  9    God:    Ru [*.....]
Gold:   344        SH:  0    Dex: 14    Spells: 9/9 levels left

rFire    . . .     SeeInvis .   a - +1 long sword
rCold    . . .     Gourm    .   (no shield)
rNeg     . . .     Faith    +   v - +0 chain mail
rPois    +         Spirit   +   c - +1 helmet
rElec    .         Reflect  .   z - scarf {Spirit}
rCorr    +         Harm     .   (no gloves)
MR       .....                  (no boots)
Stlth    ..........             y - amulet of faith
HPRegen  0.23/turn              m - ring of poison resistance
MPRegen  0.12/turn              B - ring of resist corrosion

@: hasted, very quick
A: hooves 2, repulsion field 2, foul stench 1, spiny 1, rot immunity, no
conjurations magic, no necromancy magic, no poison magic
a: Renounce Religion


You were on level 10 of the Dungeon.
You worshipped Ru.
Ru was aware of your devotion.
You were not hungry.

You visited 2 branches of the dungeon, and saw 11 of its levels.

You collected 344 gold pieces.

Inventory:

Hand Weapons
 a - a +1 long sword (weapon)
Missiles
 d - a throwing net (quivered)
Armour
 b - a +0 leather armour
 c - a +1 helmet (worn)
 g - a +0 ring mail
 v - a +0 chain mail (worn)
 z - a scarf of spirit shield (worn)
 A - a +0 buckler
Jewellery
 m - a ring of poison resistance (left hand)
 o - an uncursed amulet of the gourmand {unknown}
 y - an amulet of faith (around neck)
 B - a ring of resist corrosion (right hand)
 G - a cursed -2 ring of evasion {unknown}
 H - the amulet "Erarph" {*Slow +Rage rPois Dex+4, unknown}
   (You found it on level 7 of the Dungeon)

   [amulet of rage]

   It affects your dexterity (+4).
   It protects you from poison.
   It lets you go berserk.
   It may slow you when you take damage.
 I - an uncursed amulet of the acrobat {unknown}
Wands
 t - a wand of random effects (58)
 E - a wand of acid (23)
 J - a wand of digging (17)
Scrolls
 h - 2 scrolls of enchant weapon
 j - 2 scrolls of magic mapping {unknown}
 l - 2 scrolls of teleportation
 p - 5 scrolls of remove curse
 q - 2 scrolls of noise {unknown}
 r - a scroll of immolation {unknown}
 s - 7 scrolls of identify {unknown}
 C - a scroll of blinking {unknown}
 D - a scroll of amnesia {unknown}
 L - a scroll of enchant armour
Potions
 e - 2 potions of curing
 i - 2 potions of might {unknown}
 k - a potion of lignification {unknown}
 n - a potion of ambrosia {unknown}
 u - 5 potions of heal wounds {unknown}
 w - a potion of haste
 x - a potion of brilliance {unknown}
 F - a potion of magic {unknown}
Comestibles
 f - 16 rations


   Skills:
 + Level 8.1 Fighting
 * Level 10.5 Long Blades
 - Level 1.7 Throwing
 + Level 7.7 Dodging


You had 9 spell levels left.
You didn't know any spells.
Your spell library contained the following spells:

 Spells                   Type           Power        Failure   Level  Hunger
 Magic Dart               Conj           #...         99%         1    ##.....
 Iskenderun's Mystic Bla  Conj           #.......     100%        4    #####..
 Spider Form              Tmut/Pois      #.........   100%        3    ####...
 Blade Hands              Tmut           #.........   100%        5    ######.
 Ice Form                 Ice/Tmut       #.......     100%        4    #####..
 Sticks to Snakes         Tmut           #.......     100%        2    ###....
 Beastly Appendage        Tmut           #.....       99%         1    ##.....
 Fulminant Prism          Conj/Hex       #.........   100%        4    #####..
 Dazzling Spray           Conj/Hex       #.....       100%        3    ####...
 Force Lance              Conj/Tloc      #.......     100%        4    #####..
 Searing Ray              Conj           #.....       100%        2    ###....


Dungeon Overview and Level Annotations

Branches:
Dungeon (10/15)            Temple (1/1) D:6
   Lair: D:8-11         Orc: D:9-12

Altars:
Ashenzari
Cheibriados
Dithmenos
Elyvilon
Fedhas
Gozag
Hepliaklqana
Kikubaaqudgha
Makhleb
Nemelex Xobeh
Okawaru
Qazlal
Ru
Sif Muna
Trog
Uskayaw
Vehumet
Wu Jian
Xom
Yredelemnul
Zin
The Shining One

Shops:
D:9 ?

Annotations:
D:9 Erica


Innate Abilities, Weirdness & Mutations

You have hoof-like feet.
You are surrounded by a moderate repulsion field. (EV +3)
You may emit foul miasma when damaged in melee.
You are partially covered in sharp spines.
You are immune to rotting.
You cannot study or cast Conjurations magic.
You cannot study or cast Necromancy magic.
You cannot study or cast Poison magic.


Message History

The troll closely misses you. The troll claws you!
* * * LOW HITPOINT WARNING * * *
The troll barely misses you.
You feel yourself speed up. The troll barely misses you.
You riposte.
Your chain mail prevents you from hitting the troll.
You kick the troll.
The troll is severely wounded.
The troll claws you!
* * * LOW HITPOINT WARNING * * *
The troll closely misses you.
You see here a ration.
A killer bee comes into view.
The killer bee buzzes angrily.
A killer bee comes into view.
Found a stone staircase leading down.
A killer bee comes into view.
The killer bee buzzes angrily.
The killer bee is struck by your spines.
The killer bee stings you.
You die...

.. # #c #..# .# ..#.
#..# . ..#.#########
#..#.# . ......
..##.. ...#y##..
...(†#
#.##.####...y..
.D.#.###.##.......#.#
...(.(##.##..#......#
.#.#..D.oDc....#@y#
.#.#.###K##%T###..#
....(..$(##.......#
.###########.....## .
#######


You could see 2 killer bees.

Vanquished Creatures
  2 two-headed ogres (D:8)
  Pikel (D:7)
  A troll (D:9)
  Prince Ribbit (D:7)
  3 hippogriffs (D:7)
  Eustachio (D:3)
  2 ice beasts
  A sky beast (D:7)
  A slave (D:7)
  A black bear (D:9)
  2 phantoms
  3 ogres
  3 centaurs
  3 bullfrogs
  A big kobold (D:10)
  Blork the orc (D:4)
  4 scorpions
  A water moccasin skeleton (D:4)
  3 killer bees (D:7)
  4 howler monkeys
  A bullfrog zombie (D:5)
  7 hounds
  3 jellies (D:7)
  A centaur skeleton (D:6)
  An orc priest (D:5)
  5 iguanas
  2 orc wizards
  5 worker ants
  A hound zombie (D:6)
  Robin (D:3)
  6 adders
  3 gnolls (D:7)
  A river rat (D:4)
  A worm (D:5)
  A dart slug (D:2)
  6 leopard geckos
  19 orcs
  2 ball pythons
  8 giant cockroaches
  18 goblins
  10 hobgoblins
  3 jackals (D:7)
  2 quokkas (D:6)
  3 bats
  2 frilled lizards
  11 kobolds
  7 rats
169 creatures vanquished.

Vanquished Creatures (others)
  2 slaves (D:7)
  A howler monkey (D:7)
3 creatures vanquished.

Grand Total: 172 creatures vanquished

Notes
Turn   | Place    | Note
-------+----------+-------------------------------------------
     0 | D:1      | prawnwizard the Demonspawn Gladiator began the quest for the Orb.
     0 | D:1      | Reached XP level 1. HP: 16/16 MP: 1/1
   292 | D:1      | Reached skill level 3 in Long Blades
   500 | D:1      | Gained mutation: You are immune to rotting. [demonic ancestry]
   500 | D:1      | Reached XP level 2. HP: 22/22 MP: 2/2
  1082 | D:2      | Gained mutation: You are surrounded by a mild repulsion field. (EV +2) [demonic ancestry]
  1082 | D:2      | Reached XP level 3. HP: 26/28 MP: 3/3
  2028 | D:3      | Gained mutation: You have large cloven feet. [demonic ancestry]
  2028 | D:3      | Reached XP level 4. HP: 27/34 MP: 4/4
  2160 | D:3      | Noticed Robin
  2161 | D:3      | Noticed a phantom
  2440 | D:3      | Killed Robin
  2517 | D:3      | Killed a phantom
  2517 | D:3      | Reached skill level 4 in Long Blades
  2517 | D:3      | Reached XP level 5. HP: 15/41 MP: 5/5
  3177 | D:4      | Found a snail-covered altar of Cheibriados.
  3177 | D:4      | Found a sacrificial altar of Ru.
  3177 | D:4      | Found an iron altar of Okawaru.
  3177 | D:4      | Noticed Blork the orc
  3178 | D:4      | Found a hazy altar of Hepliaklqana.
  3185 | D:4      | Became a worshipper of Ru the Awakened
  3228 | D:4      | Killed Blork the orc
  3228 | D:4      | Gained mutation: You have hoof-like feet. [demonic ancestry]
  3228 | D:4      | Reached XP level 6. HP: 11/47 MP: 6/6
  3435 | D:4      | Reached skill level 5 in Long Blades
  3514 | D:4      | Noticed Eustachio
  4037 | D:3      | Killed Eustachio
  4215 | D:4      | Gained mutation: You may emit foul miasma when damaged in melee. [demonic ancestry]
  4215 | D:4      | Reached XP level 7. HP: 47/54 MP: 7/7
  4771 | D:5      | Entered Level 5 of the Dungeon
  4786 | D:5      | Reached skill level 6 in Long Blades
  5295 | D:5      | Found a shimmering altar of Xom.
  5722 | D:5      | Gained mutation: You cannot study or cast Poison magic. [Ru sacrifice]
  5722 | D:5      | Gained mutation: You cannot study or cast Necromancy magic. [Ru sacrifice]
  5722 | D:5      | Gained mutation: You cannot study or cast Conjurations magic. [Ru sacrifice]
  5722 | D:5      | Reached * piety under Ru
  6037 | D:6      | Reached XP level 8. HP: 49/61 MP: 8/8
  6056 | D:6      | Reached skill level 5 in Dodging
  6111 | D:6      | Reached skill level 5 in Fighting
  6161 | D:6      | Reached skill level 7 in Long Blades
  6658 | D:6      | Found a staircase to the Ecumenical Temple.
  6846 | Temple   | Entered the Ecumenical Temple
  6949 | D:7      | Noticed a hippogriff
  6961 | D:7      | Killed a hippogriff
  6976 | D:7      | Noticed Pikel
  7015 | D:7      | Killed Pikel
  7015 | D:7      | Reached skill level 8 in Long Blades
  7015 | D:7      | Gained mutation: You are partially covered in sharp spines. [demonic ancestry]
  7015 | D:7      | Reached XP level 9. HP: 41/69 MP: 4/9
  7147 | D:7      | Found an opulent altar of Gozag.
  7150 | D:7      | Found a glowing silver altar of Zin.
  7178 | D:7      | Found a white marble altar of Elyvilon.
  7571 | D:7      | Reached skill level 9 in Long Blades
  7917 | D:7      | Noticed Prince Ribbit
  7927 | D:7      | Killed Prince Ribbit
  8052 | D:7      | Got a smoking crystal amulet
  8285 | D:8      | Noticed a two-headed ogre
  8862 | D:8      | Killed a two-headed ogre
  8862 | D:8      | Reached skill level 10 in Long Blades
  8862 | D:8      | Gained mutation: You are surrounded by a moderate repulsion field. (EV +3) [demonic ancestry]
  8862 | D:8      | Reached XP level 10. HP: 22/79 MP: 2/10
  9124 | D:8      | Noticed a two-headed ogre
  9140 | D:8      | Killed a two-headed ogre
  9363 | D:9      | Found Otih's Magic Scroll Emporium.
  9363 | D:9      | Noticed a brown ugly thing
  9363 | D:9      | Noticed a two-headed ogre
  9369 | D:9      | Noticed Erica
  9466 | D:10     | Entered Level 10 of the Dungeon
  9494 | D:10     | HP: 2/80 [troll (6)]
  9501 | D:10     | Slain by a killer bee

Vault maps used:
D:1:      tarquinn_simple_flora_water_f, roderic_serpentine_path
D:2:      lemuel_upstairs_altar, first_ration
D:3:      lemuel_another_geyser, uniq_robin
D:4:      chequers_temple_overflow_statue_of_worship, gup_sewer_entry_bubbles,
          kennysheep_potato, uniq_blork_the_orc, uniq_eustachio
D:5:      basic_altar, columned_hall_lemuel, minmay_misc_feat_five
D:6:      minmay_temple_entry_junction
D:7:      grunt_temple_overflow_gold_and_silver, elyvilon_altar_5, uniq_pikel,
          uniq_prince_ribbit1
D:8:      roderic_roman_lattice
D:9:      serial_shops, shop, grunt_livestock, minivault_7, uniq_erolcha,
          uniq_erica
D:10:     david_lair_generic, david_orc_3, serial_shops, kennysheep_mini_moat,
          minmay_misc_feat_square
Temple:   nicolae_temple_no_exploring_needed

Skill      XL: |  1  2  3  4  5  6  7  8  9 10 |
---------------+-------------------------------+-----
Long Blades    | 3 4 5 6 8 10 | 10.5
Dodging        | 3 4 6 7 |  7.7
Fighting       | 3 4 6 7 8 |  8.1
Throwing       | |  1.7

Action                   |  1- 3 |  4- 6 |  7- 9 | 10-12 || total
-------------------------+-------+-------+-------+-------++-------
Melee: Long sword        |   137 |   216 |   365 |    54 ||   772
       Kick              |       |       |    78 |    29 ||   107
Throw: Throwing net      |       |       |     2 |       ||     2
Invok: Sacrifice Arcana  |       |       |     1 |       ||     1
  Use: Scroll            |       |       |     5 |     2 ||     7
       Potion            |       |       |       |     1 ||     1
  Eat: Chunk             |     3 |     5 |    14 |     3 ||    25
       Ration            |       |     1 |       |       ||     1
Armor: Leather armour    |     4 |       |       |       ||     4
       Ring mail         |    40 |    31 |       |       ||    71
       Chain mail        |       |    88 |   149 |    37 ||   274
Dodge: Dodged            |   103 |   217 |   192 |    59 ||   571
       Rpst.: Long sword |    24 |    63 |    52 |    14 ||   153

Table legend:
 A = Spawn XP
 B = Non-spawn XP
 C = Spawn XP percentage of total XP
 D = Spawn monster count
 E = Non-spawn monster count
 F = Spawn count percentage of total count
 G = Total turns spent on level
                    A         B        C        D         E        F      G
               +---------+---------+-------+---------+---------+-------+---------
         Total |       0 |    8009 |   0.0 |       0 |     168 |   0.0 |  9501
               +---------+---------+-------+---------+---------+-------+---------
           D:1 |       0 |      37 |   0.0 |       0 |      21 |   0.0 |  1062
           D:2 |       0 |      38 |   0.0 |       0 |      14 |   0.0 |   838
           D:3 |       0 |     404 |   0.0 |       0 |      28 |   0.0 |  1741
           D:4 |       0 |     434 |   0.0 |       0 |      17 |   0.0 |  1130
           D:5 |       0 |     309 |   0.0 |       0 |      13 |   0.0 |  1142
           D:6 |       0 |     712 |   0.0 |       0 |      16 |   0.0 |   966
           D:7 |       0 |    2750 |   0.0 |       0 |      28 |   0.0 |  1643
           D:8 |       0 |    2364 |   0.0 |       0 |      15 |   0.0 |   839
           D:9 |       0 |     608 |   0.0 |       0 |       9 |   0.0 |   103
          D:10 |       0 |     353 |   0.0 |       0 |       7 |   0.0 |    35
               +---------+---------+-------+---------+---------+-------+---------
